 Dungeon Crawl Stone Soup version 0.31-a0-152-g6aa68a64a1 (webtiles) character file.

Game seed: 555257537470017693

37 Drazool the Slasher (level 3, 0/28 HPs)
             Began as a Vampire Monk on June 9, 2023.
             Slain by a gnoll
             ... wielding a +0 flail
              (2 damage)
             ... on level 2 of the Dungeon.
             The game lasted 00:01:25 (1040 turns).

Drazool the Slasher (Vampire Monk)                  Turns: 1040, Time: 00:01:26

Health: 0/28       AC:  2    Str: 10    XL:     3   Next: 21%
Magic:  3/3        EV: 13    Int: 12    God:
Gold:   58         SH:  0    Dex: 18    Spells: 2/2 levels left

rFire   . . .        a - +0 falchion
rCold   . . .        d - orb {light}
rNeg    . . .        b - +0 robe
rPois   .            (no helmet)
rElec   .            (no cloak)
rCorr   .            (no gloves)
SInv    +            (no boots)
Will    .....        (no amulet)
Stlth   +            (no ring)
HPRegen 0.44/turn    (no ring)
MPRegen 0.08/turn

%: no passive effects
@: healing quickly, glowing
A: alive, fangs 3, see invisible, vampiric 2
a: Exsanguinate


You were on level 2 of the Dungeon.
You visited 1 branch of the dungeon, and saw 2 of its levels.

You collected 58 gold pieces.


Innate Abilities, Weirdness & Mutations

Your natural rate of healing is accelerated.
You have razor-sharp teeth.
You have supernaturally acute eyesight. (SInv)
You are afflicted with vampirism and can become a bat while bloodless.


   Skills:
 - Level 2.6 Fighting
 + Level 4.3 Long Blades
 - Level 3.2 Dodging


You had 2 spell levels left.
You didn't know any spells.
Your spell library was empty.

Inventory:

Hand Weapons
 a - a +0 falchion (weapon)
Armour
 b - a +0 robe (worn)
 d - an orb of light (worn)
Wands
 l - a wand of flame (15)
Scrolls
 e - 4 scrolls of poison {unknown}
 h - a scroll of noise {unknown}
 i - a scroll of immolation {unknown}
 j - a scroll of amnesia {unknown}
Potions
 c - a potion of ambrosia
 f - 3 potions of degeneration {unknown}
 g - 2 potions of brilliance {unknown}
 k - 2 potions of enlightenment {unknown}
 m - a potion of magic {unknown}
 n - a potion of might {unknown}

Dungeon Overview and Level Annotations

Branches:
Dungeon (2/15)

Altars:

..........#
.....#..### ...
#..## ######### ....
##..# #.......#
....###b####.......#
#....r..##.......#
#......g##.......#
#......gg#....>..#
#.......g@.......#
..........###^.#####
..........# ##.##
..........# ##..#
.......#### #...###
....... #.....#
...... #.....# ##
####
#.....#########.
##....#.........


You could see 4 gnolls, a quokka and a bat.


Message History

3 gnolls come into view.
The gnoll shouts! x2
The bat misses you.
Found a leather armour.
The bat closely misses you.
You slash the gnoll!
The gnoll is severely wounded.
The bat barely misses you. The bat misses you. The gnoll misses you.
A quokka comes into view.
You hit the gnoll but do no damage. Your bite misses the gnoll.
The gnoll is severely wounded.
The bat closely misses you. The gnoll hits you with a +0 flail!
The bat barely misses you.
You are too injured to fight recklessly!
You are too injured to fight recklessly!
Unknown command.
The bat attacks as you move away! The bat closely misses you.
The gnoll attacks as you move away! The gnoll closely misses you.
The bat hits you but does no damage. The gnoll attacks as you move away!
The gnoll closely misses you. The gnoll hits you with a +0 flail!
* * * LOW HITPOINT WARNING * * *
The gnoll attacks as you move away! The gnoll misses you.
The gnoll hits you with a +0 flail!
* * * LOW HITPOINT WARNING * * *
You see here a +0 short sword.
The gnoll attacks as you move away! The gnoll hits you but does no damage.
Things that are here:
a +0 dagger; a kobold corpse; a ball python corpse The gnoll attacks as you move away!
The gnoll hits you with a +0 flail.
You die...

Skill      XL: |  1  2 |
---------------+-------+-----
Long Blades    | 4 |  4.3
Fighting       | |  2.6
Dodging        | |  3.2

Action                     || total
---------------------------++-------
  Melee: Falchion          ||    51
         Bite              ||     9
 Armour: Robe              ||     8
  Dodge: Dodged            ||    40

Levels and vault maps discovered:
D:1:      dpeg_arrival_rooms_b, layout_basic, shapermc_ecumenical_altar_venn
D:2:      layout_basic, basic_altar, amethyst_killhole, minmay_quantized

Notes
Turn   | Place    | Note
-------+----------+-------------------------------------------
     0 | D:1      | Drazool the Vampire Monk began the quest for the Orb.
     0 | D:1      | Reached XP level 1. HP: 17/17 MP: 1/1
   116 | D:1      | Reached XP level 2. HP: 23/23 MP: 2/2
   181 | D:1      | Found a faded altar of an unknown god.
   637 | D:1      | Reached skill level 4 in Long Blades
   854 | D:2      | Gained mutation: You are afflicted with vampirism and can
                  | become a bat while bloodless. [Vampire growth]
   854 | D:2      | Reached XP level 3. HP: 28/28 MP: 3/3
  1037 | D:2      | HP: 1/28 [gnoll/+0 flail (8)]
  1040 | D:2      | Slain by a gnoll

Vanquished Creatures
  A worm (D:2)
  2 dart slugs
  3 ball pythons
  3 giant cockroaches
  4 goblins (D:1)
  3 hobgoblins (D:1)
  3 kobolds
  3 quokkas
  2 bats (D:1)
  3 rats (D:1)
27 creatures vanquished.

Table legend: (Time is in decaauts)
 A = Elapsed time spent in this place.
 B = Non-inter-level travel time spent in this place.
 C = Inter-level travel time spent in this place.
 D = Time resting spent in this place.
 E = Time spent auto-exploring this place.
 F = Levels seen in this place.
 G = Mean time per level.
                   A        B        C        D        E       F      G
               +--------+--------+--------+--------+--------+-----+--------+
         Total |   1045 |   1031 |     14 |      0 |    857 |   2 |  522.5 |
       Dungeon |   1045 |   1031 |     14 |      0 |    857 |   2 |  522.5 |
               +--------+--------+--------+--------+--------+-----+--------+

Top non-repeatable levels by time:
     D:1: 780 daAuts
     D:2: 265 daAuts

Table legend:
 A = Non-vault XP
 B = Vault XP
 C = Vault XP percentage of total XP
 D = Non-vault monster count
 E = Vault monster count
 F = Vault count percentage of total count
                 A         B        C        D         E       F
            +---------+---------+-------+---------+---------+-------
      Total |      53 |       0 |   0.0 |      27 |       0 |   0.0
            +---------+---------+-------+---------+---------+-------
        D:1 |      33 |       0 |   0.0 |      18 |       0 |   0.0
        D:2 |      20 |       0 |   0.0 |       9 |       0 |   0.0
            +---------+---------+-------+---------+---------+-------
